AoeStats
← El Fantasma de Pancho Villa

Black Forest

508015516Analyzed
4v4 RM · 12d ago on Sep 20, 2026· 40m 31s· 8 players
Game mode
Random Map
Map size
Large (8 player)
Population
200
Speed
Normal
Resources
Standard
Victory
Conquest
Starting age
Dark Age
Ending age
Imperial Age
RankedLock teamsTeams togetherTeam positionsShared explorationLock speedFull tech treeHidden civsTurbo modeCheats
Victory
Defeat
🇨🇭 Mongols · Switzerland
1158
+15
🇦🇷 Malay · Argentina
1145
+16
🇨🇭 Turks · Switzerland
1127
+17
🇦🇷 Britons · Argentina
1018
+21
🇫🇷 Persians · France
1428
-28
🇺🇸 Cumans · United States
1150
-18
🇨🇿 Slavs · Czechia
1120
-16
🇫🇷 Vietnamese · France
851
-7
Actiweed1
0:30 Loom
14:31 Feudal Age
16:21 Wheelbarrow
15:33 Town Watch
15:33 Horse Collar
15:42 Double-Bit Axe
23:12 Castle Age
24:22 Hand Cart
24:13 Heavy Plow
24:30 Bow Saw
24:37 Fletching
24:48 Padded Archer Armor
26:55 Gold Mining
27:02 Stone Mining
33:05 Imperial Age
32:23 Ballistics
31:38 Elite Skirmisher
32:46 Fortified Wall
32:18 Pikeman
32:59 Squires
33:20 Bodkin Arrow
33:27 Scale Mail Armor
34:48 Bracer
35:03 Leather Archer Armor
36:02 Chemistry
34:55 Imperial Skirmisher
37:11 Leather Archer Armor
36:53 Halberdier
38:18 Forging
38:24 Chain Mail Armor
39:06 Thumb Ring
41:37 Iron Casting
41:17 Chain Mail Armor
DESTINNI
4:37 Loom
11:06 Feudal Age
11:35 Double-Bit Axe
17:40 Castle Age
16:25 Horse Collar
17:48 Gold Mining
17:49 Stone Mining
18:33 Scale Mail Armor
18:58 Man-at-Arms
24:35 Forging
25:10 Scale Barding Armor
25:25 Bloodlines
26:29 Wheelbarrow
26:06 Husbandry
26:28 Chain Barding Armor
27:47 Iron Casting
34:00 Bow Saw
33:51 Heavy Plow
33:43 Stone Mining
34:17 Devotion
WitchenCats
0:45 Loom
12:04 Feudal Age
17:17 Castle Age
15:33 Double-Bit Axe
15:46 Horse Collar
17:13 Gold Mining
17:15 Stone Mining
18:01 Bow Saw
20:00 Wheelbarrow
21:57 Town Watch
23:55 Hand Cart
24:42 Heavy Plow
24:54 Fletching
25:53 Bloodlines
25:43 Husbandry
26:15 Scale Barding Armor
27:14 Bodkin Arrow
30:02 Imperial Age
28:34 Padded Archer Armor
28:54 Chain Barding Armor
28:55 Forging
29:50 Cavalier
31:33 Plate Barding Armor
32:07 Light Cavalry
33:46 Iron Casting
33:52 Ballistics
33:49 Savar
El Fantasma de Pancho Villa
0:45 Loom
14:26 Feudal Age
15:14 Double-Bit Axe
15:48 Man-at-Arms
25:31 Horse Collar
27:13 Bloodlines
28:10 Scale Barding Armor
28:15 Forging
aiR
0:36 Loom
15:55 Feudal Age
21:56 Castle Age
21:22 Horse Collar
21:29 Double-Bit Axe
23:37 Wheelbarrow
23:15 Heavy Plow
23:28 Bow Saw
28:37 Crossbowman
29:26 Padded Archer Armor
29:16 Fletching
30:56 Hand Cart
36:37 Imperial Age
34:56 Ballistics
34:48 Fortified Wall
35:45 Leather Archer Armor
35:25 Bodkin Arrow
35:33 Bodkin Arrow
38:28 Chemistry
37:02 Arbalester
40:06 Ring Archer Armor
39:36 Bracer
O' FENOMENO.
11:41 Feudal Age
15:45 Castle Age
14:56 Double-Bit Axe
14:55 Horse Collar
21:48 Bow Saw
21:46 Heavy Plow
23:52 Wheelbarrow
25:45 Hand Cart
29:58 Imperial Age
27:38 Scale Barding Armor
27:44 Forging
27:29 Gold Mining
30:08 Iron Casting
30:12 Gold Shaft Mining
29:28 Town Watch
29:29 Loom
29:49 Husbandry
29:14 Elite Battle Elephant
31:18 Chemistry
30:53 Crop Rotation
33:31 Blast Furnace
35:42 Stone Mining
frickman
2:02 Loom
12:58 Feudal Age
13:59 Man-at-Arms
15:23 Double-Bit Axe
18:58 Fletching
26:33 Castle Age
24:50 Stone Mining
25:41 Padded Archer Armor
26:29 Gold Mining
29:39 Bodkin Arrow
31:22 Leather Archer Armor
36:06 Horse Collar
38:53 Bow Saw
39:51 Heavy Plow
43:32 Imperial Age
eieieili
13:49 Feudal Age
18:17 Castle Age
22:34 Imperial Age
28:59 Heavy Camel Rider
29:51 Bloodlines
30:31 Wheelbarrow
29:41 Loom
34:21 Town Watch
34:54 Hand Cart
36:18 Double-Bit Axe
36:27 Gold Mining
37:39 Scale Barding Armor
37:45 Forging
40:13 Gold Shaft Mining
39:29 Stone Mining
40:04 Chain Barding Armor
41:28 Plate Barding Armor
Connection lost

Rejoining the realm…

Still unreachable

The connection could not be restored.

Session expired

The server has moved on; the page needs a fresh start.